 Dungeon Sprint DCSS version 0.29-a0-284-gf9362112df (webtiles) character file.

Game seed: 6459167108962683185

10297 mhtbhm the Impaler (level 11, -7/124 HPs)
             Began as a Minotaur Berserker on Mar 28, 2022.
             Was the Champion of Trog.
             Killed from afar by Dowan (55 damage)
             ... with a stone arrow
             ... in the Dungeon (Sprint III: "The Ten Rune Challenge").
             The game lasted 00:04:30 (3428 turns).

mhtbhm the Impaler (Minotaur Berserker)             Turns: 3428, Time: 00:04:31

Health: -7/124     AC:  9    Str: 30    XL:     11   Next: 34%
Magic:  10/10      EV:  7    Int:  4    God:    Trog [******]
Gold:   3167       SH:  0    Dex:  8    Spells: 10/10 levels left

rFire   . . .      SeeInvis .   a - +3 trident (flame)
rCold   . . .      Faith    .   (no shield)
rNeg    . . .      Spirit   .   b - +0 scale mail
rPois   .          Reflect  .   (helmet restricted)
rElec   .          Harm     .   (no cloak)
rCorr   .          Rampage  .   (no gloves)
Will    .....      NoTele   +   i - +0 pair of boots
Stlth   ++........              (no amulet)
HPRegen 0.30/turn               (no ring)
MPRegen 0.12/turn               (no ring)

@: on berserk cooldown, held, slowed, very slow
A: horns 2, retaliatory headbutt, clumsy 1, strong 2, wild magic 1
a: Renounce Religion, Berserk, Trog's Hand, Brothers in Arms


You were in the Dungeon.
You worshipped Trog.
Trog was exalted by your worship.
You visited 1 branch You collected 3167 gold pieces.

Inventory:

Hand Weapons
 a - a +3 trident of flaming (weapon)
Missiles
 r - 5 javelins (quivered)
Armour
 b - a +0 scale mail (worn)
 i - a +0 pair of boots (worn)
Wands
 q - a wand of acid (2)
Scrolls
 h - a scroll of blinking
 k - 2 scrolls of holy word {unknown}
 l - 3 scrolls of identify
Potions
 c - a potion of curing
 d - 2 potions of heal wounds
 e - 2 potions of haste
 f - 2 potions of magic
 g - 2 potions of berserk rage
 j - 3 potions of mutation
 m - a potion of flight {unknown}
 n - a potion of attraction {unknown}
 o - a potion of might
Miscellaneous
 p - a box of beasts (inert)


   Skills:
 + Level 19.6 Fighting
 + Level 20.6 Polearms
 + Level 8.1 Armour
 + Level 11.3 Dodging
 + Level 8.6 Stealth
 + Level 0.6 Evocations


You had 10 spell levels left.
You didn't know any spells.
Your spell library was empty.

Dungeon Overview and Level Annotations

Branches:
Dungeon (1/1)

Altars:
Cheibriados
Dithmenos
Elyvilon
Fedhas
Gozag
Hepliaklqana
Kikubaaqudgha
Makhleb
Nemelex Xobeh
Okawaru
Qazlal
Ru
Sif Muna
Trog
Uskayaw
Vehumet
Wu Jian
Xom
Yredelemnul
Zin
The Shining One
Beogh
Jiyva
Lugonu

Shops:
D =

Annotations:
D Dowan


Innate Abilities, Weirdness & Mutations

You have a pair of horns on your head.
You reflexively headbutt those who attack you in melee.
You are clumsy. (Dex -2)
Your muscles are very strong. (Str +4)
Your spells are a little harder to cast, but a little more powerful.


Message History

Dowan hits you with a +2 morningstar of distortion.
You puncture Dowan! You burn Dowan.
Dowan is moderately wounded.
Dowan hits you but does no damage.
You closely miss Dowan.
Dowan is moderately wounded.
You feel sick.
Dowan hits you with a +2 morningstar of distortion!
You barely miss Dowan.
Dowan is moderately wounded.
Dowan hits you with a +2 morningstar of distortion!
You impale Dowan!! You burn Dowan. Your headbutt misses Dowan.
Dowan is heavily wounded.
You feel sick. Dowan casts a spell at you. The stone arrow misses you.
You completely miss Dowan.
Dowan is heavily wounded.
You feel sick.
You are no longer poisoned.
Dowan hits you with a +2 morningstar of distortion!
Space warps around you.
You impale Dowan!! You burn Dowan. You headbutt Dowan!
Dowan is almost dead.
You are no longer berserk.
You are exhausted.
You feel as though you will be slow longer.
Dowan casts a spell.
Dowan blinks!
You open the lid... ...and a larval firesting beast leaps out!
The box is emptied!
Dowan drops a net on you.
You become entangled in the net!
Unknown command.
You tear a large gash into the net.
Dowan gestures wildly while chanting.
Dowan blinks!
You struggle against the net.
Dowan points at you and mumbles some strange words.
The stone arrow hits you!!!
You die...

#....#.#.#.....#...^..+
##.#..#.##.###.#^..^..#
'##)#.#.##.#.)##......#
#..)#..#..##..)....^..#
▓▓▓▓▓▓▓▓▓▓▓▓▓▓#.^..^.^#
........≈≈≈...#.§.....#
≈≈≈≈≈≈≈≈≈≈♣♣P.'^...e..#
♣♣♣♣♣♣♣♣♣♣♣♣PP#....^..#
♣♣♣##@###### ♣♣ #.H.+
.## #...# #.# #...# [##
##### ...# #..# ###


You could see Dowan (fast, ally target) and a friendly larval firesting beast
(summoned).

Vanquished Creatures
  Erolcha (D)
  2 orc high priests (D)
  Urug (D)
  2 deep elf knights (D)
  2 deep elf zephyrmancers (D)
  A lindwurm (D)
  2 deep elf pyromancers (D)
  Duvessa (D)
  2 cane toads (D)
  A komodo dragon (D)
  3 wandering mushrooms (D)
  2 tyrant leeches (D)
  A shadow (D)
  5 redbacks (D)
  A spatial vortex (D)
  2 orc warriors (D)
  5 two-headed ogres (D)
  A water elemental (D)
  A scorpion (D)
  A necrophage (D)
  A jelly (D)
  A wizard (D)
  4 orc wizards (D)
  A necromancer (D)
  A kobold demonologist (D)
  3 humans (D)
  8 orcs (D)
  2 endoplasms (D)
  2 rats (D)
60 creatures vanquished.

Vanquished Creatures (collateral kills)
  2 orcs (D)
2 creatures vanquished.

Grand Total: 62 creatures vanquished

Notes
Turn   | Place    | Note
-------+----------+-------------------------------------------
     0 | D        | mhtbhm the Minotaur Berserker began the quest for the Orb.
     0 | D        | Reached XP level 1. HP: 19/19 MP: 0/0
    11 | D        | Reached skill level 4 in Polearms
    42 | D        | Reached ** piety under Trog
    57 | D        | Noticed a scorpion
    62 | D        | Killed a scorpion
    63 | D        | Reached skill level 6 in Polearms
    63 | D        | Reached skill level 1 in Stealth
    63 | D        | Reached XP level 2. HP: 31/31 MP: 1/1
    63 | D        | Reached XP level 3. HP: 38/38 MP: 2/2
    63 | D        | Reached XP level 4. HP: 45/45 MP: 3/3
    67 | D        | Reached skill level 7 in Polearms
   175 | D        | Gained mutation: You are clumsy. (Dex -2) [potion of
                  | mutation]
   175 | D        | Gained mutation: Your muscles are strong. (Str +2) [potion
                  | of mutation]
   175 | D        | Gained mutation: Your spells are a little harder to cast,
                  | but a little more powerful. [potion of mutation]
   175 | D        | Gained mutation: Your muscles are very strong. (Str +4)
                  | [potion of mutation]
   177 | D        | Noticed a water elemental
   182 | D        | Killed a water elemental
   183 | D        | Reached skill level 8 in Polearms
   183 | D        | Reached XP level 5. HP: 53/53 MP: 4/4
   292 | D        | Found a basalt altar of Yredelemnul.
   292 | D        | Found a shadowy altar of Dithmenos.
   292 | D        | Found a sacrificial altar of Ru.
   295 | D        | Reached *** piety under Trog
   296 | D        | Reached skill level 9 in Polearms
   493 | D        | Found a hide-covered altar of Uskayaw.
   493 | D        | Found an iron altar of Okawaru.
   493 | D        | Found a bloodstained altar of Trog.
   493 | D        | Found an ornate altar of the Wu Jian Council.
   493 | D        | Noticed a human
   497 | D        | Noticed a human
   500 | D        | Killed a human
   501 | D        | Reached skill level 10 in Fighting
   501 | D        | Reached skill level 11 in Polearms
   501 | D        | Reached skill level 5 in Armour
   501 | D        | Reached skill level 5 in Dodging
   501 | D        | Reached XP level 6. HP: 67/67 MP: 5/5
   507 | D        | Killed a human
   507 | D        | Reached **** piety under Trog
   508 | D        | Reached XP level 7. HP: 74/74 MP: 6/6
   558 | D        | Found a radiant altar of Vehumet.
   558 | D        | Found a shimmering blue altar of Sif Muna.
   558 | D        | Found an ancient bone altar of Kikubaaqudgha.
   560 | D        | Reached skill level 12 in Polearms
   586 | D        | Found a glowing silver altar of Zin.
   586 | D        | Found a glowing golden altar of the Shining One.
   586 | D        | Found a white marble altar of Elyvilon.
   587 | D        | Noticed a deep elf pyromancer
   592 | D        | Killed a deep elf pyromancer
   592 | D        | Reached ***** piety under Trog
   593 | D        | Reached skill level 13 in Polearms
   735 | D        | Noticed a shadow
   741 | D        | Killed a shadow
   742 | D        | Reached skill level 14 in Polearms
   742 | D        | Reached XP level 8. HP: 83/86 MP: 7/7
   753 | D        | Found a blossoming altar of Fedhas.
   753 | D        | Found a stormy altar of Qazlal.
   753 | D        | Found a snail-covered altar of Cheibriados.
   753 | D        | Found a burning altar of Makhleb.
   753 | D        | Found a shimmering altar of Xom.
   754 | D        | Found a hazy altar of Hepliaklqana.
   754 | D        | Found an opulent altar of Gozag.
   754 | D        | Found a sparkling altar of Nemelex Xobeh.
   754 | D        | Found a corrupted altar of Lugonu.
   754 | D        | Found a viscous altar of Jiyva.
   951 | D        | Noticed a two-headed ogre
   968 | D        | Killed a two-headed ogre
   969 | D        | Reached skill level 15 in Polearms
  1029 | D        | Noticed Erolcha
  1030 | D        | Noticed a two-headed ogre
  1044 | D        | Killed Erolcha
  1045 | D        | Reached skill level 15 in Fighting
  1045 | D        | Reached skill level 16 in Polearms
  1045 | D        | Reached skill level 5 in Stealth
  1045 | D        | Reached XP level 9. HP: 79/97 MP: 8/8
  1053 | D        | Killed a two-headed ogre
  1053 | D        | Received a gift from Trog
  1534 | D        | Noticed a wandering mushroom
  1538 | D        | Noticed a wandering mushroom
  1564 | D        | Killed a wandering mushroom
  1565 | D        | Reached skill level 17 in Polearms
  1565 | D        | Noticed a wandering mushroom
  1577 | D        | Killed a wandering mushroom
  1592 | D        | Killed a wandering mushroom
  1630 | D        | Noticed a cane toad
  1630 | D        | Noticed a komodo dragon
  1630 | D        | Noticed a cane toad
  1639 | D        | Killed a cane toad
  1639 | D        | Received a gift from Trog
  1646 | D        | Killed a cane toad
  1647 | D        | Reached skill level 18 in Polearms
  1647 | D        | Reached XP level 10. HP: 108/108 MP: 9/9
  2273 | D        | Received a gift from Trog
  2583 | D        | Noticed a lindwurm
  2587 | D        | Killed a lindwurm
  2599 | D        | Noticed Urug
  2601 | D        | Reached skill level 19 in Polearms
  2605 | D        | Killed Urug
  2606 | D        | Reached skill level 10 in Dodging
  2766 | D        | Found Olapt's Jewellery Shop.
  2766 | D        | Noticed an orc high priest
  2766 | D        | Noticed an orc high priest
  2773 | D        | Reached ****** piety under Trog
  2774 | D        | Received a gift from Trog
  2777 | D        | Noticed an orange demon
  2779 | D        | Noticed a sun demon
  2781 | D        | Noticed a rust devil
  2786 | D        | Noticed an orange demon
  2791 | D        | Killed an orc high priest
  2795 | D        | Received a gift from Trog
  2804 | D        | Killed an orc high priest
  2804 | D        | Received a gift from Trog
  3168 | D        | Noticed a deep elf knight
  3168 | D        | Noticed a deep elf knight
  3168 | D        | Noticed a deep elf pyromancer
  3168 | D        | Noticed a deep elf zephyrmancer
  3168 | D        | Noticed a deep elf zephyrmancer
  3179 | D        | Killed a deep elf zephyrmancer
  3180 | D        | Reached skill level 20 in Polearms
  3180 | D        | Reached XP level 11. HP: 121/121 MP: 10/10
  3184 | D        | Killed a deep elf knight
  3188 | D        | Killed a deep elf zephyrmancer
  3192 | D        | Killed a deep elf pyromancer
  3192 | D        | Received a gift from Trog
  3197 | D        | Killed a deep elf knight
  3408 | D        | Noticed Dowan
  3408 | D        | Noticed Duvessa
  3418 | D        | Killed Duvessa
  3428 | D        | Killed from afar by Dowan

Illustrated notes

Levels and vault maps discovered:
D:        dungeon_sprint_mu [sprint_mu_entry_cave, sprint_mu_temple_rooms,
          sprint_mu_d1_spiders, sprint_mu_d2_genie, sprint_mu_d3_branching,
          sprint_mu_orc_legion, sprint_mu_elf_gauntlet, sprint_mu_hive_nellie,
          sprint_mu_lair_fedhas, sprint_mu_vaults_butterflies,
          sprint_mu_slime_circle, sprint_mu_shoals_archi,
          sprint_mu_snake_twists, sprint_mu_blade_basic,
          sprint_mu_crypt_fortress, sprint_mu_tomb_spiral,
          sprint_mu_vestibule_basic, sprint_mu_gehenna_hellfire,
          sprint_mu_dis_giant, sprint_mu_tartarus_statrot,
          sprint_mu_cocytus_islands, sprint_mu_zot1]

Skill      XL: |  1  2  3  4  5  6  7  8  9 10 11 |
---------------+----------------------------------+-----
Fighting       | 6 8 10 11 13 15 16 18 19 | 19.6
Polearms       | 6 8 11 14 16 18 20 | 20.6
Armour         | 3 4 5 6 7 8 |  8.1
Dodging        | 3 4 5 7 8 9 10 11 | 11.3
Stealth        | 1 2 3 5 6 8 |  8.6
Evocations     | |  0.6

Action                   |  1- 3 |  4- 6 |  7- 9 | 10-12 || total
-------------------------+-------+-------+-------+-------++-------
Melee: Spear             |    13 |    37 |   142 |    49 ||   241
       Headbutt          |     1 |     3 |    18 |    20 ||    42
       Punch             |       |     1 |     1 |     2 ||     4
       Trident           |       |       |       |    84 ||    84
Invok: Berserk           |     1 |     2 |     5 |     5 ||    13
Evoke: Box of beasts     |       |       |       |     2 ||     2
  Use: Potion            |       |     1 |       |       ||     1
 Stab: Sleeping          |     1 |       |     1 |     2 ||     4
       Distracted        |       |       |       |     1 ||     1
Armor: Animal skin       |       |     1 |     1 |     1 ||     3
       Scale mail        |       |       |       |    12 ||    12
Dodge: Dodged            |       |     5 |    15 |    29 ||    49

Table legend: (Time is in decaauts)
 A = Elapsed time spent in this place.
 B = Non-inter-level travel time spent in this place.
 C = Inter-level travel time spent in this place.
 D = Time resting spent in this place.
 E = Time spent auto-exploring this place.
 F = Levels seen in this place.
 G = Mean time per level.
                   A        B        C        D        E       F      G
               +--------+--------+--------+--------+--------+-----+--------+
         Total |   3395 |   3340 |     55 |   2422 |    315 |   1 | 3395.0 |
       Dungeon |   3395 |   3340 |     55 |   2422 |    315 |   1 | 3395.0 |
               +--------+--------+--------+--------+--------+-----+--------+

Top non-repeatable levels by time:
       D: 3395 daAuts
